 Dungeon Crawl Stone Soup version 0.29-a0-598-gd8304a5bf4 (webtiles) character file.

Game seed: 11582814820863811343

44153 enile the Black Sun (level 14, -5/94 HPs)
             Began as an Octopode Wanderer on June 15, 2022.
             Was a High Priest of Kikubaaqudgha.
             Slain by a torpor snail (13 damage)
             ... while paralysed by a hornet
             ... on level 6 of the Lair of Beasts.
             The game lasted 00:43:17 (26710 turns).

enile the Black Sun (Octopode Wanderer)            Turns: 26710, Time: 00:43:17

Health: -5/94      AC:  5    Str: 24    XL:     14   Next: 27%
Magic:  23/23      EV:  2    Int: 28    God:    Kikubaaqudgha [*****.]
Gold:   1183       SH:  0    Dex: 16    Spells: 9/25 levels left

rFire   + . .      SeeInvis +   d - +8 dagger (elec)
rCold   . . .      Faith    .   c - +0 buckler
rNeg    . . .      Spirit   .   (helmet restricted)
rPois   .          Reflect  .   (no amulet)
rElec   .          Harm     .   q - +4 ring of protection
rCorr   .          Rampage  .   D - ring of flight
Will    ++...                   j - +6 ring of intelligence
Stlth   ++++......              o - ring "Xutzef" {Int+6 SInv}
HPRegen 0.25/turn               N - ring of fire
MPRegen 0.18/turn               x - ring of protection from cold
                                O - +6 ring of strength
                                P - +6 ring of strength

@: paralysed, lethally poisoned (-5 -> -35), flying, slowed
A: almost no armour, amphibious, 8 rings, camouflage 1, gelatinous body 1,
(nimble swimmer 1), tentacles, beak, strong-willed 1, strong 1
a: Renounce Religion, Unearth Wretches, Torment


You were on level 6 of the Lair of Beasts.
You worshipped Kikubaaqudgha.
Kikubaaqudgha was extremely pleased with you.
You visited 2 branches of the dungeon, and saw 17 of its levels.
You also visited: Ossuary and Volcano.

You collected 1183 gold pieces.

Inventory:

Hand Weapons
 a - a +0 hand axe
 d - a +8 dagger of electrocution (weapon)
 k - a +2 short sword of venom
 m - a +0 hunting sling of flaming
 B - a +1 vampiric short sword
 I - a +0 scimitar of flaming
Armour
 c - a +0 buckler (worn)
Jewellery
 j - a +6 ring of intelligence (on tentacle)
 o - the ring "Xutzef" (on tentacle) {Int+6 SInv}
   (You found it on level 9 of the Dungeon)

   [ring of intelligence]

   Int:       It affects your intelligence (+6).
   SInv:      It lets you see invisible.
 q - a +4 ring of protection (left tentacle)
 x - a ring of protection from cold (on tentacle)
 D - a ring of flight (right tentacle)
 F - a ring of ice
 N - a ring of fire (on tentacle)
 O - a +6 ring of strength (on tentacle)
 P - a +6 ring of strength (on tentacle)
Wands
 b - a wand of polymorph (10)
 z - a wand of mindburst (8)
 H - a wand of iceblast (6)
Scrolls
 f - a scroll of teleportation
 g - 2 scrolls of summoning
 r - 2 scrolls of blinking
 s - a scroll of amnesia
 t - 2 scrolls of vulnerability
 v - 3 scrolls of enchant armour
 w - 7 scrolls of noise
 y - 3 scrolls of fog
 G - a scroll of silence
 J - a scroll of enchant weapon
 L - 5 scrolls of identify
 Q - 2 scrolls of immolation
Potions
 e - 2 potions of attraction
 h - 6 potions of curing
 i - 8 potions of brilliance
 l - 2 potions of mutation
 n - 2 potions of haste
 p - 3 potions of heal wounds
 u - 3 potions of lignification
 A - 3 potions of cancellation
 C - 2 potions of berserk rage
 E - a potion of magic {unknown}
 K - 4 potions of flight {unknown}
Miscellaneous
 M - a phantom mirror


   Skills:
 - Level 8.0 Fighting
 - Level 4.0 Short Blades
 - Level 3.0 Axes
 - Level 8.0 Dodging
 - Level 5.0 Stealth
 - Level 3.0 Shields
 - Level 6.0 Spellcasting
 + Level 16.0 Necromancy
 - Level 7.0 Transmutations
 - Level 7.0 Poison Magic
 - Level 9.0 Evocations


You had 9 spell levels left.
You knew the following spells:

 Your Spells              Type           Power      Damage    Failure   Level
a - Sting                 Tmut/Pois      100%       1d8       1%          1
b - Necrotize             Necr           100%       1d9       0%          1
c - Animate Dead          Necr           78%        N/A       1%          4
d - Anguish               Hex/Necr       26%        N/A       3%          4
e - Death Channel         Necr           39%        N/A       1%          6

Your spell library contained the following spells:

 Spells                   Type           Power      Damage    Failure   Level
 Sublimation of Blood     Necr           78%        N/A       0%          2
 Beastly Appendage        Tmut           94%        N/A       1%          1
 Wereblood                Tmut           47%        N/A       1%          2
 Spider Form              Tmut/Pois      47%        N/A       1%          3
 Dispel Undead            Necr           78%        3d26      1%          4
 Agony                    Necr           78%        N/A       1%          5
 Poisonous Vapours        Pois/Air       56%        N/A       2%          2
 Ignite Poison            Fire/Tmut/Pois 51%        N/A       3%          3
 Corpse Rot               Necr/Pois/Air  51%        N/A       3%          4
 Magic Dart               Conj           32%        1d4       8%          1
 Mephitic Cloud           Conj/Pois/Air  21%        N/A       10%         3
 Call Imp                 Summ           8%         N/A       12%         2
 Ice Form                 Ice/Tmut       28%        N/A       19%         4
 Frozen Ramparts          Ice            16%        1d3       24%         3
 Tukima's Dance           Hex            8%         N/A       24%         3
 Simulacrum               Ice/Necr       26%        N/A       41%         6
 Yara's Violent Unravell  Hex/Tmut       14%        3d7       45%         5
 Airstrike                Air            4%         N/A       61%         4
 Fulminant Prism          Conj/Hex       4%         3d6       61%         4
 Iskenderun's Mystic Bla  Conj/Tloc      8%         2d4       61%         4
 Passage of Golubria      Tloc           8%         N/A       61%         4
 Summon Ice Beast         Ice/Summ       8%         N/A       61%         4
 Lee's Rapid Deconstruct  Erth           4%         3d6*      91%         5
 Dispersal                Tloc           4%         N/A       100%        6
 Storm Form               Tmut/Air       14%        N/A       100%        7
 Disjunction              Tloc           4%         N/A       100%        8
 Maxwell's Capacitive Co  Air            4%         ∞         100%        8


Dungeon Overview and Level Annotations

Branches:
Dungeon (11/15)            Temple (0/1) D:4            Lair (6/6) D:9
  Swamp (0/4) Lair:3        Snake (0/4) Lair:2        Slime (0/5) Lair:6
    Orc (0/2) D:11        Ossuary (visited)         Volcano (visited)

Altars:
Ashenzari
Dithmenos
Hepliaklqana
Kikubaaqudgha
Okawaru
Ru
Trog
Vehumet
Wu Jian
Zin
The Shining One

Shops:
D:11 [

Annotations:
D:3 Sigmund
D:4 Blork the orc
Lair:6 1 runed translucent door


Innate Abilities, Weirdness & Mutations

You cannot wear most types of armour.
You are amphibious.
You can wear up to eight rings at the same time.
Your skin changes colour to match your surroundings (Stealth+).
Your rubbery body absorbs attacks. (AC +1, EV +1)
((You are camouflaged when in or above water. (Stealth+)))
You have tentacles for arms and can constrict up to eight enemies at once.
You have a beak for a mouth.
You are strong-willed. (Will+)
Your muscles are strong. (Str +2)


Message History

The lindwurm completely misses you. The lindwurm claws you!
The lindwurm barely misses you. The hornet misses you. x2
The lindwurm bites you. The lindwurm closely misses you. x2
You hit the lindwurm but do no damage. You peck the lindwurm.
The lindwurm is lightly wounded.
You feel very sick. The hornet barely misses you. The hornet stings you!
You feel as though you will be slow longer.
Your blink frog zombie hits the torpor snail!
The hornet closely misses you. The hornet barely misses you.
The torpor snail bites you! The hornet stings you.
You feel as though you will be slow longer.
You block the lindwurm's attack. The lindwurm closely misses you. x2
Your blink frog zombie hits the torpor snail!
You swap places.
You feel sick.
The hornet barely misses your blink frog zombie.
The hornet stings you.
You feel as though you will be slow longer.
The hornet stings your blink frog zombie!
The hornet misses your blink frog zombie.
The hornet stings you.
You are more poisoned.
You suddenly lose the ability to move!
The lindwurm bites your blink frog zombie!!
Your blink frog zombie is destroyed!
The torpor snail bites you. The hornet stings you.
* * * LOW HITPOINT WARNING * * *
You are lethally poisoned!
You feel as though you will be slow longer.
Your blink frog zombie closely misses the hornet.
* * * LOW HITPOINT WARNING * * *
You feel very sick. The hornet stings you!
* * * LOW HITPOINT WARNING * * *
You are more poisoned.
You feel as though you will be slow longer.
The hornet stings you but does no damage.
The torpor snail bites you!
You die...
Kikubaaqudgha rasps: "You have failed me!
Welcome... death!"

###...#.## #.##†.#
##...#.####ZZ.##
#.#...#.##Z..##
####...Z.Z..#.#
#.#.......######
##......#.##...##
####....Z##.##..y..#
##.....#######kyyw#
.....#.Z#### ###@Z#
....##....P###.Z.$#
.######..Z..ZZ...##
## #####..Z.###
######


You could see a torpor snail, a lindwurm (ally target), 3 hornets, 4 friendly
yak zombies and a friendly blink frog zombie (slow).

Vanquished Creatures
  An ogre mage (Volcano)
  4 two-headed ogres
  A hell knight (Volcano)
  A lindwurm (Lair:6)
  Pikel (D:4)
  2 black mambas
  3 elephants (Lair:5)
  2 torpor snails
  Maggie (D:7)
  11 cane toads
  A rime drake (Lair:3)
  2 komodo dragons
  A hornet (Lair:6)
  A slime creature (Lair:6)
  A polar bear (Lair:3)
  5 blink frogs
  34 yaks
  5 wyverns
  A steam dragon (D:8)
  2 basilisks
  6 vampire mosquitoes (Lair:3)
  2 acid dragons
  2 nagas
  16 water moccasins
  2 black bears
  An orc warrior (D:9)
  3 ice beasts
  2 sky beasts
  A blink frog zombie (Lair:6)
  7 wolves
  3 centaurs
  2 kobold brigands
  5 bullfrogs
  2 necrophages
  A wight (D:9)
  3 scorpions
  14 killer bees
  6 howler monkeys (D:8)
  3 hounds
  5 jellies
  A gnoll shaman (D:3)
  Crazy Yiuf (D:3)
  7 orc priests
  An iguana (D:6)
  Ijyb (D:4)
  14 orc wizards
  Natasha (thrice) (D:4)
  14 mummies
  7 gnolls
  7 adders
  2 white imps (D:6)
  An ufetubus (D:3)
  5 dart slugs
  26 orcs
  10 endoplasms
  2 giant cockroaches
  7 goblins
  9 hobgoblins
  7 jackals
  17 kobolds
  2 quokkas
  10 ball pythons
  8 bats
  6 frilled lizards
  2 gnoll skeletons (Ossuary)
  2 goblin skeletons (Ossuary)
  A goblin zombie (D:7)
  A hobgoblin skeleton (D:11)
  4 kobold skeletons (Ossuary)
  A kobold zombie (D:7)
  2 orc zombies (D:11)
  3 rats
  11 rat skeletons (Ossuary)
361 creatures vanquished.

Vanquished Creatures (collateral kills)
  A fire dragon (Lair:5)
  2 hydras
  6 death yaks
  3 elephants (Lair:5)
  A black mamba (Lair:6)
  A cane toad (Lair:3)
  2 torpor snails (Lair:6)
  4 komodo dragons
  3 tyrant leeches (Lair:6)
  A polar bear (Lair:3)
  A hornet (Lair:6)
  3 blink frogs
  A slime creature (Lair:6)
  A spriggan (Lair:3)
  16 yaks
  A vampire mosquito (Lair:3)
  A naga (Lair:2)
  6 water moccasins
  A black bear (Lair:3)
  6 wolves
  4 bullfrogs
  A jelly (Lair:6)
  A kobold (D:5)
67 creatures vanquished.

Vanquished Creatures (others)
  Nessos (Lair:6)
  A boulder beetle (Lair:6)
  A death yak (Lair:4)
  A lindwurm (Lair:4)
  An elephant (Lair:5)
  2 cane toads
  A torpor snail (Lair:6)
  A komodo dragon (Lair:3)
  A hornet (Lair:6)
  A blink frog (Lair:6)
  3 yaks
  A wyvern (D:9)
  2 vampire mosquitoes (Lair:3)
  A two-headed ogre zombie (Volcano)
  9 elephant zombies (Lair:5)
  4 blink frog zombies (Lair:6)
  A human (D:6)
  A wolf (Lair:3)
  A komodo dragon zombie (Lair:4)
  14 yak zombies
  6 wolf zombies (Lair:5)
  An electric eel (Lair:5)
  A bullfrog zombie (Lair:3)
  A black bear zombie (Lair:3)
  A scorpion zombie (Lair:3)
  36 fungi
  69 plants
163 creatures vanquished.

Grand Total: 591 creatures vanquished

Notes
Turn   | Place    | Note
-------+----------+-------------------------------------------
     0 | D:1      | enile the Octopode Wanderer began the quest for the Orb.
     0 | D:1      | enile set off with the following items: a +0 hand axe, a
                  | wand of polymorph (4), a potion of berserk rage; and the
                  | following spell memorised: Sting; and the following spells
                  | available to memorise: Poisonous Vapours, Ignite Poison.
     0 | D:1      | Reached XP level 1. HP: 13/13 MP: 2/2
   204 | D:1      | Reached XP level 2. HP: 18/18 MP: 3/3
   694 | D:1      | Found a faded altar of an unknown god.
   706 | D:1      | Reached XP level 3. HP: 18/23 MP: 2/4
   711 | D:1      | Reached skill level 5 in Poison Magic
   745 | D:1      | Prayed at the altar of an unknown god.
   745 | D:1      | Became a worshipper of Kikubaaqudgha
   745 | D:1      | Reached * piety under Kikubaaqudgha
   745 | D:1      | Received a gift from Kikubaaqudgha
  1130 | D:1      | Learned a level 1 spell: Necrotize
  1136 | D:2      | You fall into a shaft and drop 1 floor!
  1306 | D:3      | Found a hazy altar of Hepliaklqana.
  1356 | D:3      | Reached XP level 4. HP: 13/30 MP: 3/5
  1903 | D:2      | Reached skill level 1 in Short Blades
  1990 | D:2      | Found a glowing golden altar of the Shining One.
  2071 | D:2      | Reached ** piety under Kikubaaqudgha
  2258 | D:3      | Reached skill level 1 in Stealth
  2258 | D:3      | Reached XP level 5. HP: 33/36 MP: 6/6
  2309 | D:3      | Noticed Sigmund
  2607 | D:4      | Noticed Ijyb
  2615 | D:4      | Killed Ijyb
  2617 | D:4      | Reached XP level 6. HP: 34/42 MP: 7/7
  2777 | D:4      | Noticed an ice beast
  2779 | D:4      | Noticed Pikel
  2784 | D:4      | Killed Pikel
  2785 | D:4      | Reached skill level 5 in Fighting
  2785 | D:4      | Reached skill level 1 in Necromancy
  2785 | D:4      | Reached XP level 7. HP: 26/50 MP: 8/8
  2788 | D:4      | Reached skill level 2 in Necromancy
  3158 | D:4      | Noticed Blork the orc
  3172 | D:4      | Found a glowing silver altar of Zin.
  3237 | D:4      | Found a broken altar of Ashenzari.
  3338 | D:4      | Noticed Natasha
  3344 | D:4      | Killed Natasha
  3346 | D:4      | Identified the +0 robe of the Stag {*Corrode rF+ Will+++
                  | Regen+}
  3419 | D:4      | Found a staircase to the Ecumenical Temple.
  3788 | D:4      | Noticed Natasha
  3792 | D:4      | Killed Natasha
  3793 | D:4      | Reached skill level 1 in Shields
  3793 | D:4      | Reached XP level 8. HP: 55/55 MP: 9/9
  3795 | D:4      | Noticed Natasha
  3800 | D:4      | Killed Natasha
  4368 | D:3      | Found a runed translucent door.
  4369 | D:3      | Noticed Crazy Yiuf
  4429 | D:3      | Reached *** piety under Kikubaaqudgha
  4429 | D:3      | Received a gift from Kikubaaqudgha
  4548 | D:3      | Killed Crazy Yiuf
  4549 | D:3      | Reached skill level 5 in Stealth
  4708 | D:5      | Entered Level 5 of the Dungeon
  4843 | D:5      | Reached skill level 3 in Necromancy
  5224 | D:5      | Reached skill level 4 in Necromancy
  5556 | D:5      | Found a bloodstained altar of Trog.
  5979 | D:6      | Reached XP level 9. HP: 57/61 MP: 13/13
  6200 | D:6      | Found an iron altar of Okawaru.
  6332 | D:6      | Found an ancient bone altar of Kikubaaqudgha.
  6509 | D:6      | Found a shadowy altar of Dithmenos.
  7042 | D:7      | Found a sand-covered staircase.
  7047 | Ossuary  | Entered an ossuary
  7146 | Ossuary  | Reached **** piety under Kikubaaqudgha
  7419 | D:7      | Gained mutation: You are partially covered in iridescent
                  | scales. (AC +2) [potion of mutation]
  7419 | D:7      | Gained mutation: One of your tentacles bears a spike.
                  | [potion of mutation]
  7426 | D:7      | Reached skill level 5 in Necromancy
  7505 | D:7      | Got the Collected Works on Air
  7738 | D:7      | Reached skill level 1 in Transmutations
  8048 | D:7      | Found a radiant altar of Vehumet.
  8051 | D:7      | Noticed Maggie
  8063 | D:7      | Killed Maggie
  8630 | D:7      | Reached skill level 5 in Transmutations
  8880 | D:8      | Reached XP level 10. HP: 49/66 MP: 14/14
 10119 | D:9      | Reached skill level 6 in Necromancy
 10415 | D:9      | Noticed a two-headed ogre
 10419 | D:9      | Killed a two-headed ogre
 10420 | D:9      | Reached skill level 7 in Necromancy
 10425 | D:9      | Learned a level 4 spell: Animate Dead
 10483 | D:9      | Identified the ring "Xutzef" {Int+6 SInv}
 10917 | D:9      | Reached skill level 8 in Necromancy
 11341 | D:9      | Reached skill level 9 in Necromancy
 11568 | D:9      | Found a staircase to the Lair.
 11973 | D:9      | Reached XP level 11. HP: 33/71 MP: 10/15
 11978 | D:9      | Reached skill level 10 in Necromancy
 12609 | D:10     | Entered Level 10 of the Dungeon
 13114 | D:10     | Reached ***** piety under Kikubaaqudgha
 13145 | D:10     | Found a sacrificial altar of Ru.
 13443 | D:10     | Found an ornate altar of the Wu Jian Council.
 14150 | D:11     | Found a staircase to the Orcish Mines.
 14166 | D:11     | Found Okluxeul's Armour Shop.
 14446 | Lair:1   | Entered Level 1 of the Lair of Beasts
 15858 | Lair:2   | Reached skill level 11 in Necromancy
 16805 | Lair:2   | Reached XP level 12. HP: 82/82 MP: 16/16
 16909 | Lair:2   | Reached skill level 12 in Necromancy
 17219 | Lair:2   | Reached skill level 5 in Evocations
 17437 | Lair:2   | Found a staircase to the Snake Pit.
 17758 | Lair:3   | Found a dark tunnel.
 17765 | Volcano  | Entered a volcano
 18011 | Volcano  | Noticed a two-headed ogre
 18011 | Volcano  | Noticed an ogre mage
 18011 | Volcano  | Noticed a two-headed ogre
 18033 | Volcano  | Noticed a two-headed ogre
 18049 | Volcano  | Killed a two-headed ogre
 18168 | Volcano  | Noticed a hell knight
 18176 | Volcano  | Killed a hell knight
 18177 | Volcano  | Reached skill level 5 in Dodging
 18427 | Volcano  | Lost mutation: One of your tentacles bears a spike. [potion
                  | of mutation]
 18427 | Volcano  | Lost mutation: You are partially covered in iridescent
                  | scales. (AC +2) [potion of mutation]
 18427 | Volcano  | Gained mutation: You have a beak for a mouth. [potion of
                  | mutation]
 18427 | Volcano  | Gained mutation: Your muscles are strong. (Str +2) [potion
                  | of mutation]
 18427 | Volcano  | Gained mutation: You are strong-willed. (Will+) [potion of
                  | mutation]
 18436 | Volcano  | Killed a two-headed ogre
 18439 | Volcano  | Killed a two-headed ogre
 18495 | Volcano  | Killed an ogre mage
 18724 | Lair:3   | Learned a level 4 spell: Anguish
 18731 | Lair:3   | Learned a level 6 spell: Death Channel
 19624 | Lair:3   | Found a staircase to the Swamp.
 20186 | Lair:3   | Reached XP level 13. HP: 88/88 MP: 3/17
 20572 | Lair:3   | Reached skill level 13 in Necromancy
 22068 | Lair:4   | Reached skill level 14 in Necromancy
 23087 | Lair:5   | Reached skill level 15 in Necromancy
 23833 | Lair:5   | Noticed a fire dragon
 23833 | Lair:5   | a five-headed hydra changed into a fire dragon
 24345 | Lair:5   | Killed a fire dragon
 24806 | Lair:6   | Entered Level 6 of the Lair of Beasts
 24845 | Lair:6   | Reached skill level 5 in Spellcasting
 25153 | Lair:6   | Noticed Nessos
 25158 | Lair:6   | Killed Nessos
 25397 | Lair:6   | Reached XP level 14. HP: 94/94 MP: 23/23
 25604 | Lair:6   | Found a staircase to the Slime Pits.
 26298 | Lair:6   | Found a runed translucent door.
 26557 | Lair:6   | Reached skill level 16 in Necromancy
 26709 | Lair:6   | Paralysed by a hornet for 2 turns
 26710 | Lair:6   | Slain by a torpor snail

Illustrated notes

Levels and vault maps discovered:
D:1:      zaba_arrival_water, layout_loops_corners,
          hellmonk_ecumenical_altar_lost_god
D:2:      layout_rooms, basic_altar
D:3:      layout_rooms, lemuel_doored_altar, minivault_24,
          minmay_divided_ellipse, uniq_sigmund, uniq_crazy_yiuf_cottage
D:4:      layout_layer_cave, nicolae_ashenzari_skybound, zin_scriptorium,
          minmay_temple_entry_statues_fountains, chequers_serial_rivers_micro_c,
          uniq_blork_the_orc, uniq_pikel, uniq_natasha, uniq_ijyb
D:5:      layout_loops_cross, kennysheep_little_box
D:6:      layout_gridville, okawaru_metal_pillars_1_2, grunt_dithmenos_smoke,
          tgw_kikubaaqudgha
D:7:      layout_basic, nicolae_vehumet_radiance, nicolae_ossuary_entry_giza,
          uniq_maggie
D:8:      layout_rooms
D:9:      layout_loops_corners, minmay_lair_entry_grove
D:10:     layout_basic, mainiacjoe_overflow_big_doors
D:11:     layout_loops_ring, zombieorc1_lemuel, gammafunk_ghost_hive,
          serial_shops, shop, minmay_alternating_orb
Lair:1:   layout_small_grid
Lair:2:   layout_cave_pods, minmay_snake_entry_guardpost_small,
          lemuel_fruit_tree, infiniplex_staircase_pool_2
Lair:3:   layout_layer_cave, minmay_swamp_entry_swarm, enter_volcano_2,
          grunt_forest_small_clearings, forest_entry_grove
Lair:4:   layout_cave_pods
Lair:5:   layout_hall_layers, serial_rivers, chequers_serial_rivers_large_a,
          chequers_serial_rivers_room_a, chequers_serial_rivers_micro_a,
          chequers_serial_rivers_micro_e, chequers_serial_rivers_small_3,
          chequers_serial_rivers_small_a, fungi_pond_lemuel, beast_lair_carwin_3
Lair:6:   wormcave, layout_cave_pods, hangedman_lair_in_review,
          minmay_slime_entry_pillars, uniq_nessos

Skill      XL: |  1  2  3  4  5  6  7  8  9 10 11 12 13 14 |
---------------+-------------------------------------------+-----
Poison Magic   | 4 5 6 7 |  7.0
Fighting       | 2 3 5 8 |  8.0
Short Blades   | 1 2 4 |  4.0
Stealth        | 1 3 5 |  5.0
Dodging        | 2 4 7 8 |  8.0
Necromancy     | 1 2 4 5 9 11 12 15 16 | 16.0
Shields        | 1 3 |  3.0
Spellcasting   | 3 6 |  6.0
Evocations     | 3 4 9 |  9.0
Transmutations | 6 7 |  7.0
Axes           | |  3.0

Action                   |  1- 3 |  4- 6 |  7- 9 | 10-12 | 13-15 || total
-------------------------+-------+-------+-------+-------+-------++-------
Melee: Dagger            |    46 |    56 |   248 |   391 |   125 ||   866
       Constrict         |     8 |    11 |    40 |    56 |    14 ||   129
       Tentacles         |     6 |    10 |    44 |   113 |    43 ||   216
       Punch             |       |     1 |     3 |     3 |     5 ||    12
       Kick              |       |       |    15 |   116 |       ||   131
       Peck              |       |       |       |    27 |    48 ||    75
Throw: Throwing net      |       |       |     2 |     2 |       ||     4
       Dart              |       |       |       |    10 |       ||    10
 Cast: Sting             |    12 |    11 |    33 |    38 |       ||    94
       Necrotize         |     3 |       |    16 |    26 |       ||    45
       Animate Dead      |       |       |       |    16 |     3 ||    19
       Anguish           |       |       |       |     9 |    27 ||    36
       Death Channel     |       |       |       |     2 |    14 ||    16
Invok: Torment           |       |       |       |     2 |       ||     2
       Unearth Wretches  |       |       |       |       |     2 ||     2
Evoke: Wand              |       |       |     4 |    12 |     4 ||    20
       Phantom mirror    |       |       |       |     1 |     1 ||     2
  Use: Scroll            |     1 |     2 |    19 |    10 |     4 ||    36
       Potion            |       |       |     6 |    11 |     1 ||    18
 Stab: Sleeping          |     7 |     6 |    18 |    11 |     6 ||    48
       Held in net/web   |       |       |     2 |     2 |       ||     4
       Distracted        |       |       |     1 |     5 |     3 ||     9
       Fleeing           |       |       |     1 |       |       ||     1
       Paralysed         |       |       |       |       |     2 ||     2
Armor: Skin              |     4 |    12 |    64 |    54 |    22 ||   156
Dodge: Dodged            |    20 |    39 |   108 |   264 |   125 ||   556
Block: Buckler           |       |       |    29 |    67 |    39 ||   135

Table legend: (Time is in decaauts)
 A = Elapsed time spent in this place.
 B = Non-inter-level travel time spent in this place.
 C = Inter-level travel time spent in this place.
 D = Time resting spent in this place.
 E = Time spent auto-exploring this place.
 F = Levels seen in this place.
 G = Mean time per level.
                   A        B        C        D        E       F      G
               +--------+--------+--------+--------+--------+-----+--------+
         Total |  26689 |  26042 |    647 |   2484 |  19965 |  19 | 1404.7 |
       Dungeon |  14099 |  13645 |    454 |   1503 |  10141 |  11 | 1281.7 |
          Lair |  11300 |  11107 |    193 |    874 |   8928 |   6 | 1883.3 |
       Ossuary |    337 |    337 |      0 |      0 |    199 |   1 |  337.0 |
       Volcano |    952 |    952 |      0 |    107 |    696 |   1 |  952.0 |
               +--------+--------+--------+--------+--------+-----+--------+

Top non-repeatable levels by time:
     D:9: 2719 daAuts
  Lair:3: 2670 daAuts
  Lair:5: 2125 daAuts
  Lair:6: 1913 daAuts
  Lair:1: 1895 daAuts
    D:10: 1607 daAuts
     D:4: 1545 daAuts
     D:3: 1449 daAuts
  Lair:4: 1409 daAuts
     D:8: 1332 daAuts
  Lair:2: 1285 daAuts
     D:7: 1212 daAuts
     D:6: 1140 daAuts
     D:5: 1138 daAuts
     D:1: 1138 daAuts
